 Dungeon Crawl Stone Soup version 0.20.0-8-g6b59dc7 (webtiles) character file.

240 CosmicAfro the Slasher (level 5, 0/67 HPs)
             Began as a Minotaur Fighter on June 1, 2017.
             Succumbed to an adder's poison
             ... on level 2 of the Dungeon.
             The game lasted 00:02:33 (1318 turns).

CosmicAfro the Slasher (Minotaur Fighter)           Turns: 1318, Time: 00:02:34

Health: 0/67       AC: 22    Str: 21    XL:     5   Next: 80%
Magic:  4/4        EV:  2    Int:  5    God:
Gold:   132        SH:  9    Dex: 10    Spells: 4/4 levels left

rFire    . . .     SeeInvis .   a - +0 long sword
rCold    . . .     Gourm    .   c - +0 shield
rNeg     + + +     Faith    .   (armour currently unavailable)
rPois    +         Spirit   .   (helmet currently unavailable)
rElec    .         Reflect  .   (cloak currently unavailable)
rCorr    .         Harm     .   (gloves currently unavailable)
MR       .....     NoTele   +   (boots currently unavailable)
Stlth    +.........             (no amulet)
Regen    0.3/turn               (no ring)
MPRegen  0.1/turn               (no ring)

@: lethally poisoned (0 -> -6), tree-form
A: (retaliatory headbutt)
a: no special abilities


You were on level 2 of the Dungeon.
You were hungry.
You were a tree.
You visited 1 branch of the dungeon, and saw 2 of its levels.

You collected 132 gold pieces.

Inventory:

Hand Weapons
 a - a +0 long sword (weapon)
Armour
 b - a +0 scale mail (melded)
 c - a +0 shield (worn)
 e - a +0 cloak (melded)
Scrolls
 h - a scroll of remove curse {unknown}
 k - a scroll of fear {unknown}
 m - a scroll of fog {unknown}
 n - a scroll of teleportation {unknown}
 o - 2 scrolls of identify {unknown}
 q - a scroll of magic mapping {unknown}
Potions
 d - a potion of might
 g - a potion of mutation {unknown}
 i - a potion of agility {unknown}
 j - a potion of curing {unknown}
 l - a potion of lignification
Comestibles
 f - 2 bread rations
 r - a meat ration


   Skills:
 - Level 3.6 Fighting
 + Level 7.4 Long Blades
 - Level 3.6 Armour
 - Level 3.6 Shields


You had 4 spell levels left.
You didn't know any spells.

Dungeon Overview and Level Annotations

Branches:
Dungeon (2/15)

Altars:


Innate Abilities, Weirdness & Mutations

((You reflexively headbutt those who attack you in melee.))
((You have a pair of horns on your head.))


Message History

The adder is severely wounded.
The adder bites you but does no damage.
You miss the adder. Your headbutt misses the adder.
The adder is heavily wounded.
The adder bites you.
* * * LOW HITPOINT WARNING * * *
You are lethally poisoned!
The adder poisons you! The adder bites you but does no damage.
You hit the adder but do no damage.
The adder is heavily wounded.
* * * LOW HITPOINT WARNING * * *
You feel sick. The adder bites you.
* * * LOW HITPOINT WARNING * * *
You are more poisoned.
The adder poisons you!
It was a potion of lignification.
You turn into a tree.
Your +0 cloak melds into your body.
Your +0 scale mail melds into your body.
Your roots penetrate the ground.
You die...

##..#.###.......##
##.##.# ##...#
##.....## ####.#
##.## ##...## #.#
#.# ##'## #.# #.#
#.# #.# #.# #.#
#.# ##.## #.#
####...## #.#
#..S♣...# #.#
#..#...#....
##.#######.. . ..
+. # # ### #####
### #.# #...# #.#
#.#


You could see an adder.

Vanquished Creatures
  Sigmund (D:2)
  3 adders (D:2)
  2 oozes (D:2)
  2 worms (D:2)
  A dart slug (D:2)
  2 leopard geckos
  5 ball pythons (D:2)
  3 giant cockroaches
  7 goblins
  A hobgoblin (D:2)
  8 kobolds
  7 bats
  A frilled lizard (D:1)
  7 rats
50 creatures vanquished.

Notes
Turn   | Place    | Note
-------+----------+-------------------------------------------
     0 | D:1      | CosmicAfro the Minotaur Fighter began the quest for the Orb.
     0 | D:1      | Reached XP level 1. HP: 19/19 MP: 0/0
    47 | D:1      | Reached skill level 3 in Long Blades
    97 | D:1      | Reached XP level 2. HP: 25/26 MP: 1/1
   316 | D:1      | Reached skill level 4 in Long Blades
   549 | D:2      | Reached XP level 3. HP: 27/31 MP: 2/2
   867 | D:2      | Reached skill level 5 in Long Blades
   912 | D:2      | Found a faded altar of an unknown god.
  1019 | D:2      | Reached XP level 4. HP: 36/39 MP: 3/3
  1292 | D:2      | Noticed Sigmund
  1311 | D:2      | Killed Sigmund
  1311 | D:2      | Reached skill level 7 in Long Blades
  1311 | D:2      | Reached XP level 5. HP: 4/45 MP: 4/4
  1317 | D:2      | HP: 2/45 [poisoned by an adder]
  1318 | D:2      | Succumbed to an adder's poison

Skill      XL: |  1  2  3  4 |
---------------+-------------+-----
Long Blades    | 3 4 5 7 |  7.4
Fighting       | |  3.6
Armour         | |  3.6
Shields        | |  3.6

Action                   |  1- 3 |  4- 6 || total
-------------------------+-------+-------++-------
Melee: Long sword        |    95 |    37 ||   132
       Headbutt          |    12 |     5 ||    17
  Use: Potion            |       |     1 ||     1
  Eat: Chunk             |       |     1 ||     1
Armor: Scale mail        |    39 |    12 ||    51
Dodge: Dodged            |    31 |     4 ||    35
Block: Shield            |    59 |     9 ||    68
       Rpst.: Long sword |     7 |       ||     7
